 Dungeon Crawl Stone Soup version bcrawl-1.28.5 (webtiles) character file.

Game seed: 10640481067196631103

395800 Anonimiaus the Covert (level 13, -2/106 HPs)
             Began as a Human Archaeologist on Jan 26, 2021.
             Was a Follower of Uskayaw.
             Slain by a cane toad (11 damage)
             ... on level 8 of the Dungeon.
             The game lasted 00:33:22 (14052 turns).

Anonimiaus the Covert (Human Archaeologist)        Turns: 14052, Time: 00:33:23

Health: -2/106     AC: 20    Str: 15    XL:     13   Next: 24%
Magic:  22/22      EV: 14    Int: 19    God:    Uskayaw [*.....]
Gold:   1010       SH:  0    Dex: 15    Spells: 12/12 levels left

rFire    . . .     SeeInvis .   c - +7 spear "Muyw" {drain, Fragile rElec MR++ Int+4}
rCold    + . .     Gourm    .   (no shield)
rNeg     + . .     Faith    .   E - +3 ring mail {rC+}
rPois    .         Spirit   .   d - +1 hat
rElec    +         Reflect  .   a - +2 cloak
rCorr    .         Harm     .   h - +1 pair of gauntlets of War {Slay+6}
MR       +++..                  u - +2 pair of boots
Stlth    +++++.....             (no amulet)
HPRegen  0.27/turn              v - ring of protection from magic
MPRegen  0.18/turn              K - ring of positive energy

@: no status effects
A: beak, thin metallic scales 1, strong 1, MP-powered wands
a: Stomp, Renounce Religion


You were on level 8 of the Dungeon.
You worshipped Uskayaw.
Uskayaw was pleased with you.
You were not hungry.

You visited 3 branches of the dungeon, and saw 14 of its levels.

You collected 1010 gold pieces.

Inventory:

Hand Weapons
 b - a +0 blowgun
 c - the +7 spear "Muyw" (weapon) {drain, Fragile rElec MR++ Int+4}
   (You found it on level 7 of the Dungeon)

   A truly terrible weapon, it drains the life of those it strikes.
   It affects your intelligence (+4).
   It insulates you from electricity.
   It affects your resistance to hostile enchantments.
   It will be destroyed if unequipped.
 x - a +3 scimitar of flaming
 C - a +2 falchion of holy wrath
 U - a +6 dagger
Missiles
 f - 6 curare-tipped needles
 l - 68 needles of confusion
 p - 266 poisoned tomahawks (quivered)
 I - 45 needles of frenzy {=f}
 J - 350 poisoned needles
Armour
 a - a +2 cloak (worn)
 d - a +1 hat (worn)
 h - the +1 pair of gauntlets of War (worn) {Slay+6}
   (You acquired it on level 2 of the Dungeon)

   It affects your accuracy and damage with ranged weapons and melee attacks
   (+6).
 i - the cursed +1 robe of Existentialism {rPois, unknown}
   (You found it on level 11 of the Dungeon)

   It protects you from poison.
   It has a curse placed upon it.
 u - a +2 pair of boots (worn)
 E - a +3 ring mail of cold resistance (worn)
Jewellery
 v - a ring of protection from magic (left hand)
 K - a ring of positive energy (right hand)
 L - the ring of Xuc Kuro {SInv Stlth--}
   (You found it on level 9 of the Dungeon)

   [ring of attention]

   It lets you see invisible.
   It makes you much less stealthy.
Wands
 r - a wand of acid (21)
 F - a wand of random effects (8)
 G - a wand of clouds (4)
 H - a wand of disintegration (6)
 N - a wand of polymorph (10)
 P - a wand of digging (30)
 R - a wand of iceblast (6)
Scrolls
 g - 2 scrolls of magic mapping
 j - a scroll of brand weapon {unknown}
 m - 5 scrolls of teleportation
 o - 2 scrolls of identify
 q - a scroll of enchant weapon
 s - 5 scrolls of immolation
 w - 3 scrolls of remove curse
 y - a scroll of fear
 Q - a scroll of blinking {unknown}
 S - 4 scrolls of amnesia
Potions
 k - 3 potions of flight
 n - a potion of curing
 t - 2 potions of invisibility
 A - a potion of lignification
 B - 3 potions of haste
 D - a potion of magic {unknown}
 M - 2 potions of resistance
 O - a potion of agility {unknown}
 T - 2 potions of brilliance {unknown}
Comestibles
 e - 23 rations {!d}


   Skills:
 + Level 11.0 Fighting
 - Level 6.5 Short Blades
   Level 1.1 Maces & Flails
 - Level 5.2 Armour
 - Level 6.3 Dodging
 + Level 13.2 Stealth
 + Level 12.9 Invocations
 - Level 2.0 Evocations


You had 12 spell levels left.
You didn't know any spells.
Your spell library contained the following spells:

 Spells                   Type           Power        Failure   Level  Hunger
 Animate Skeleton         Necr           N/A          36%         1    None
 Pain                     Necr           #.....       36%         1    None
 Confuse                  Hex            #.......     75%         3    #####..
 Dazzling Orbs            Conj/Hex       #......      75%         3    #####..
 Vampiric Draining        Necr           #.........   75%         3    #####..
 Agony                    Necr           #.......     98%         4    ######.
 Animate Dead             Necr           N/A          98%         4    ######.
 Petrify                  Tmut/Erth      #.........   98%         4    ######.
 Yara's Violent Unravell  Hex/Tmut       #.........   98%         4    ######.
 Dispel Undead            Necr           #.......     100%        5    #######
 Metabolic Englaciation   Hex/Ice        #.........   100%        5    #######
 Mana Rupture             Conj/Hex       #.........   100%        7    #######


Dungeon Overview and Level Annotations

Branches:
Dungeon (12/12)            Temple (1/1) D:4            Lair (1/6) D:8
    Orc (0/1) D:11         Vaults (0/3) D:12
 Depths: D:12

Altars:
Ashenzari
Cheibriados
Dithmenos
Elyvilon
Fedhas
Gozag
Hepliaklqana
Kikubaaqudgha
Lugonu
Makhleb
Nemelex Xobeh
Okawaru
Qazlal
Ru
Sif Muna
Trog
Uskayaw
Vehumet
Wu Jian
Xom
Yredelemnul
Zin
The Shining One

Shops:
D:5 %   D:7 %

Annotations:
D:12 Urug
Lair:1 pheathergobbo575's ghost, novice TrFi


Innate Abilities, Weirdness & Mutations

You have a beak for a mouth.
You are partially covered in thin metallic scales. (AC +2)
Your muscles are strong. (Str +2)
You expend magic power (3 MP) to strengthen your wands.


Message History

The cane toad barely misses you.
The blink frog seems less drained.
The crocodile bites you but does no damage.
There is a staircase back to the Dungeon here.
The blink frog blinks!
The cane toad hits you!
* * * LOW HITPOINT WARNING * * *
The crocodile closely misses you.
You climb upwards.
Welcome back to the Dungeon!
There is a staircase to the Lair here.
The crocodile is no longer moving quickly.
The cane toad barely misses you.
You closely miss the cane toad.
You peck the cane toad, but do no damage.
The crocodile bites you!
* * * LOW HITPOINT WARNING * * *
The cane toad barely misses you.
You puncture the cane toad! You peck the cane toad!
The cane toad is heavily wounded.
The cane toad hits you!
You die...

#.....##........# #.#..
#.....##........###....
#...#..................
####...PP...P.......##....
##...................##[...
##...P.PP.P.P.........##.[>.
#.P....P.P..P..P..P........[
#.....PP...P.P.P...P........
#.PPPP....P@P.PP.P..........
#.P.PP..P.FPt.....P.P..#..).
#...PP..PP.>.P......P..#....
#..PPP.P.P..P.P.P.P....##...
#.P.PPP...P......P...P#####.
#..P...........PP..P..# #.
##.P.P..............### ##
#................P.#
#.#..P.P..........##


You could see a cane toad and a crocodile.

Vanquished Creatures
  Rupert (D:11)
  An ettin (D:11)
  A catoblepas (D:11)
  2 centaur warriors
  A two-headed ogre (D:11)
  A cyclops (D:11)
  A manticore (D:9)
  An ugly thing (D:11)
  2 deep elf magi
  2 centaur zombies
  A cane toad (Lair:1)
  2 centaur skeletons (D:11)
  A yaktaur (D:10)
  2 efreet (D:11)
  2 komodo dragons
  2 kobold demonologists (D:11)
  6 trolls
  3 meliai (D:11)
  A shadow (D:11)
  A spriggan (D:7)
  A basilisk (Lair:1)
  A vampire (D:11)
  11 yaks
  A tarantella (shapeshifter) (D:10)
  9 humans (D:11)
  A hungry ghost (D:5)
  5 crocodiles
  5 porcupines
  2 ice beasts
  A sky beast (D:3)
  4 black bears
  5 orc warriors
  2 eyes of draining
  2 ogres
  6 centaurs
  4 wolves (Lair:1)
  6 bullfrogs
  3 big kobolds
  4 scorpions
  2 wyvern skeletons
  3 killer bees (D:11)
  2 howler monkeys (D:7)
  2 crimson imps
  A bullfrog zombie (D:5)
  A bullfrog skeleton (D:5)
  A hound (D:8)
  8 orc priests
  An iguana (D:6)
  Jessica (D:2)
  15 orc wizards
  8 worker ants
  A hound zombie (D:10)
  3 hound skeletons
  3 worker ant zombies
  9 adders
  3 gnolls (D:8)
  A shadow imp (D:10)
  2 oozes
  An adder zombie (D:5)
  3 adder skeletons
  5 worms
  5 dart slugs
  5 leopard geckos
  50 orcs
  3 ball pythons
  5 giant cockroaches
  2 goblins (D:1)
  11 hobgoblins
  8 jackals
  11 kobolds
  2 quokkas
  7 bats
  3 frilled lizards
  A jackal zombie (D:7)
  6 rats
  A butterfly (Lair:1)
303 creatures vanquished.

Vanquished Creatures (others)
  An adder (D:3)
  A rat (D:3)
  36 fungi (D:8)
  12 plants (D:8)
50 creatures vanquished.

Grand Total: 353 creatures vanquished

Notes
Turn   | Place    | Note
-------+----------+-------------------------------------------
     0 | D:1      | Anonimiaus the Human Archaeologist began the quest for the
                  | Orb.
     0 | D:1      | Reached XP level 1. HP: 15/15 MP: 1/1
   200 | D:1      | Reached XP level 2. HP: 21/21 MP: 2/2
   205 | D:1      | Reached skill level 4 in Stealth
   408 | D:1      | Reached XP level 3. HP: 24/27 MP: 3/3
   819 | D:1      | Reached skill level 1 in Short Blades
  1580 | D:2      | Noticed Jessica
  1614 | D:2      | Killed Jessica
  1615 | D:2      | Reached XP level 4. HP: 27/33 MP: 4/4
  1946 | D:2      | Reached XP level 5. HP: 19/38 MP: 5/5
  1946 | D:2      | Identified a scroll of acquirement
  1946 | D:2      | Identified the +0 shortbow of Benevolence {flame, rN+ SInv}
                  | (You acquired it on level 2 of the Dungeon)
  1946 | D:2      | Identified the amulet of Suam Kel {Faith Int-5 Dex+10} (You
                  | acquired it on level 2 of the Dungeon)
  1947 | D:2      | Found the +1 pair of gauntlets of War {Slay+6}
  2748 | D:3      | Reached skill level 1 in Armour
  2748 | D:3      | Reached XP level 6. HP: 41/46 MP: 6/6
  2802 | D:3      | Found a glowing golden altar of the Shining One.
  2805 | D:3      | Found a basalt altar of Yredelemnul.
  2808 | D:3      | Noticed a profane servitor
  2814 | D:3      | Noticed an angel
  2923 | D:3      | Found a snail-covered altar of Cheibriados.
  3282 | D:3      | Found a faded altar of an unknown god.
  3530 | D:4      | Noticed a sky beast
  3765 | D:4      | Found a staircase to the Ecumenical Temple.
  3774 | Temple   | Entered the Ecumenical Temple
  3811 | Temple   | Became a worshipper of Uskayaw the Reveler
  4048 | D:4      | Reached * piety under Uskayaw
  4087 | D:4      | Reached ** piety under Uskayaw
  4089 | D:4      | Reached skill level 5 in Stealth
  4358 | D:5      | Entered Level 5 of the Dungeon
  4503 | D:5      | Reached XP level 7. HP: 51/51 MP: 7/7
  4569 | D:5      | Got a vibrating bone ring
  4571 | D:5      | Found a shadowy altar of Dithmenos.
  4827 | D:5      | Found Benoun's Food Emporium.
  4828 | D:5      | Noticed a hungry ghost
  4846 | D:5      | Got a vibrating jade ring
  4847 | D:5      | Identified the ring of Heuqeos {Str-4 Dex+6 Stlth--} (You
                  | found it on level 5 of the Dungeon)
  4850 | D:5      | Identified the ring "Waij Geshru" {Fire -Tele Dex+3 Slay+2}
                  | (You found it on level 5 of the Dungeon)
  4973 | D:5      | Reached *** piety under Uskayaw
  4974 | D:5      | Killed a hungry ghost
  4997 | D:5      | Found a corrupted altar of Lugonu.
  5194 | D:6      | Reached XP level 8. HP: 58/59 MP: 8/8
  5335 | D:6      | Reached skill level 5 in Short Blades
  5482 | D:6      | Noticed a two-headed ogre
  5568 | D:6      | Reached skill level 6 in Stealth
  5761 | D:6      | Reached skill level 5 in Dodging
  6249 | D:6      | Found an iron altar of Okawaru.
  6413 | D:6      | Reached XP level 9. HP: 25/66 MP: 9/9
  6768 | D:7      | Reached **** piety under Uskayaw
  6775 | D:7      | Reached skill level 7 in Stealth
  6855 | D:3      | Reached skill level 5 in Fighting
  7065 | D:7      | Found a burning altar of Makhleb.
  7069 | D:7      | Reached skill level 5 in Armour
  7074 | D:7      | Noticed a balrug
  7079 | D:7      | Found a glowing silver altar of Zin.
  7080 | D:7      | Noticed an angel
  7104 | D:7      | Noticed a troll
  7186 | D:7      | Killed a troll
  7300 | D:7      | Found a stormy altar of Qazlal.
  7652 | D:7      | Found a shattered altar of Ashenzari.
  7682 | D:7      | Got a brightly glowing spear
  7683 | D:7      | Identified the +7 spear "Muyw" {drain, Fragile rElec MR++
                  | Int+4} (You found it on level 7 of the Dungeon)
  7769 | D:7      | Found a bloodstained altar of Trog.
  7828 | D:7      | Found Cavoc's Food Shop.
  7906 | D:7      | Noticed a troll
  7914 | D:7      | Killed a troll
  7915 | D:7      | Reached skill level 5 in Invocations
  7915 | D:7      | Reached XP level 10. HP: 53/74 MP: 12/14
  7979 | D:7      | Found a hazy altar of Hepliaklqana.
  8230 | D:8      | Found a blossoming altar of Fedhas.
  8242 | D:8      | Reached skill level 1 in Evocations
  8309 | D:8      | Reached ***** piety under Uskayaw
  8321 | D:8      | Reached skill level 8 in Stealth
  8600 | D:8      | Found a staircase to the Lair.
  8719 | D:8      | Reached skill level 9 in Stealth
  8905 | D:8      | Found a sacrificial altar of Ru.
  8970 | D:9      | Got a fine wooden ring
  8971 | D:9      | Identified the cursed ring of Xuc Kuro {SInv Stlth--} (You
                  | found it on level 9 of the Dungeon)
  9217 | D:9      | Noticed a manticore
  9223 | D:9      | Killed a manticore
  9224 | D:9      | Reached XP level 11. HP: 84/84 MP: 17/17
  9701 | D:10     | Entered Level 10 of the Dungeon
  9805 | D:10     | Noticed a deep elf mage
  9901 | D:10     | Reached ****** piety under Uskayaw
 10133 | D:10     | Noticed a centaur warrior
 10139 | D:10     | Killed a centaur warrior
 10140 | D:10     | Reached skill level 10 in Stealth
 11076 | D:10     | Killed a deep elf mage
 11077 | D:10     | Reached skill level 10 in Invocations
 11137 | D:11     | Noticed a green ugly thing
 11163 | D:11     | Gained mutation: You are weak. (Str -2) [potion of
                  | mutation]
 11163 | D:11     | Gained mutation: Your movements are slightly less
                  | encumbered by armour. (ER -2) [potion of mutation]
 11164 | D:11     | Lost mutation: Your movements are slightly less encumbered
                  | by armour. (ER -2) [potion of mutation]
 11164 | D:11     | Lost mutation: You are weak. (Str -2) [potion of mutation]
 11164 | D:11     | Gained mutation: Your magical capacity is low. (-10% MP)
                  | [potion of mutation]
 11164 | D:11     | Gained mutation: You are partially covered in thin metallic
                  | scales. (AC +2) [potion of mutation]
 11165 | D:11     | Lost mutation: Your magical capacity is low. (-10% MP)
                  | [potion of mutation]
 11165 | D:11     | Gained mutation: You have a beak for a mouth. [potion of
                  | mutation]
 11165 | D:11     | Gained mutation: You expend magic power (3 MP) to
                  | strengthen your wands. [potion of mutation]
 11165 | D:11     | Gained mutation: Your muscles are strong. (Str +2) [potion
                  | of mutation]
 11400 | D:11     | Noticed a sixfirhy
 11489 | D:11     | Noticed a deep elf mage
 11496 | D:11     | Killed a deep elf mage
 11497 | D:11     | Reached skill level 11 in Stealth
 11544 | D:11     | Noticed a two-headed ogre
 11560 | D:11     | HP: 1/87 [two-headed ogre/+0 giant spiked club (22)]
 11561 | D:11     | Killed a two-headed ogre
 11562 | D:11     | Reached XP level 12. HP: 1/95 MP: 18/20
 11568 | D:11     | HP: 3/95 [troll (10)]
 12231 | D:11     | Found a staircase to the Orcish Mines.
 12511 | D:11     | Got a dull robe
 12641 | D:11     | Noticed an ettin
 12665 | D:11     | Killed an ettin
 12666 | D:11     | Reached skill level 12 in Stealth
 12777 | D:11     | Reached skill level 10 in Fighting
 12959 | D:11     | Noticed a catoblepas
 12972 | D:11     | Killed a catoblepas
 13240 | D:12     | Entered Level 12 of the Dungeon
 13240 | D:12     | Found a gate to the Vaults.
 13240 | D:12     | Noticed Urug
 13240 | D:12     | Noticed a centaur warrior
 13240 | D:12     | Noticed Rupert
 13307 | D:11     | Killed Rupert
 13308 | D:11     | Reached XP level 13. HP: 59/104 MP: 22/22
 13451 | D:11     | Killed a centaur warrior
 13452 | D:11     | Reached skill level 13 in Stealth
 13845 | Lair:1   | Entered Level 1 of the Lair of Beasts
 13898 | Lair:1   | Noticed pheathergobbo575's ghost (novice TrFi)
 14052 | D:8      | Slain by a cane toad

Skill      XL: |  1  2  3  4  5  6  7  8  9 10 11 12 13 |
---------------+----------------------------------------+-----
Stealth        | 4 5 6 7 9 11 12 13 | 13.2
Fighting       | 2 3 4 5 7 9 10 11 | 11.0
Short Blades   | 2 3 4 5 6 |  6.5
Armour         | 1 3 4 5 |  5.2
Dodging        | 4 5 6 |  6.3
Invocations    | 5 8 10 12 | 12.9
Evocations     | 2 |  2.0
Maces & Flails | |  1.1

Action                   |  1- 3 |  4- 6 |  7- 9 | 10-12 | 13-15 || total
-------------------------+-------+-------+-------+-------+-------++-------
Melee: Whip              |   199 |       |       |       |       ||   199
       Club              |       |   210 |   184 |       |       ||   394
       Dagger            |       |       |    23 |       |       ||    23
       Spear             |       |       |     8 |   446 |    78 ||   532
       Peck              |       |       |       |    36 |    15 ||    51
Throw: Tomahawk          |       |     3 |     6 |     5 |       ||    14
Invok: Stomp             |       |       |     1 |       |       ||     1
Evoke: Wand              |       |       |       |     3 |       ||     3
  Use: Scroll            |       |     3 |    12 |     4 |       ||    19
       Potion            |       |       |     2 |     9 |       ||    11
 Stab: Sleeping          |     7 |     9 |     7 |     9 |     1 ||    33
       Distracted        |       |     1 |       |     1 |       ||     2
       Paralysed         |       |       |     7 |    43 |     9 ||    59
       Invisible         |       |       |       |     1 |       ||     1
  Eat: Chunk             |     5 |    15 |    18 |    24 |     7 ||    69
       Ration            |     1 |       |     1 |     1 |       ||     3
Armor: Robe              |    68 |    74 |    42 |       |       ||   184
       Ring mail         |       |       |    39 |   182 |    53 ||   274
       Skin              |       |       |       |    23 |       ||    23
Dodge: Dodged            |   146 |   140 |   195 |   255 |    79 ||   815
